Map: Kairos Junction LE

Players

PtitDrogo - Winner!

  • Race: Protoss Protoss
  • Spawn Location: 5:00

Wanderer

  • Race: Terran Terran
  • Spawn Location: 11:00

Event: 2019 WCS Summer

VOD

Have the link to the VOD?

Description

Time

  • Played on: July 12, 2019, 6:15 a.m.
  • Length: 6:39

All games in this series

Show
View Real Time Build Order
Export as new Build Order

PtitDrogo Protoss - Winner!

Build Orders: 1 Gate Expand 

Get SALT Encoding   

  12  0:00  Probe  
  13  0:12  Probe  
  14  0:19  Pylon  
  14  0:25  Probe  
  15  0:34  Probe  
  15  0:37  Gateway  
  15  0:42  Probe  
  16  0:47  Assimilator  
  17  0:52  Probe  
  18  1:04  Probe  
  19  1:16  Probe  
  20  1:24  Cybernetics Core  
  21  1:37  Nexus  
  21  1:39  Pylon  
  20  1:41  Probe  
  21  1:50  Stalker  
  21  1:51  Assimilator  
  21  1:54  Probe  
  21  2:00  Warp Gate  
  24  2:06  Probe  
  25  2:18  Probe  
  26  2:25  Stalker  
  28  2:30  Probe  
  29  2:41  Robotics Facility  
  29  2:44  Probe  
  30  2:52  Probe  
  30  2:57  Stalker, Probe  
  34  3:00  Gateway  
  34  3:04  Probe  
  35  3:09  Probe  
  35  3:12  Gateway  
  36  3:16  Probe  
  36  3:18  Immortal  
  37  3:21  Probe  
  42  3:35  Shield Battery  
  42  3:38  Pylon  
  42  3:45  Probe x2  
  44  3:50  Observer, Zealot  
  46  3:56  Sentry  
  46  4:01  Pylon  
  49  4:08  Shield Battery  
  49  4:12  Stalker x2  
  53  4:20  Zealot  
  55  4:35  Zealot x2  
  47  4:43  Stalker  
  49  4:56  Stalker x2  
  53  5:00  Pylon  
  53  5:05  Immortal  
  53  5:08  Cybernetics Core  
  53  5:11  Zealot  
  55  5:19  Pylon  
  52  5:25  Probe  
  52  5:26  Probe  
  52  5:27  Gateway  
  50  5:30  Gateway  
  50  5:38  Probe  
  50  5:40  Pylon  
  49  5:44  Immortal  
  49  5:45  Probe  
  49  5:47  Stalker  
  56  5:55  Probe  
  56  5:57  Stalker  
  59  5:58  Probe  
  59  6:00  Pylon  
  60  6:05  Zealot x2  
  60  6:07  Probe  
  63  6:19  Stalker  
  63  6:24  Stalker x2  
  65  6:29  Stalker x2  
Show
View Real Time Build Order
Export as new Build Order

Wanderer Terran 

Build Orders: Proxy 1-1-1 

Get SALT Encoding   

  12  0:00  SCV  
  13  0:13  SCV  
  14  0:19  Supply Depot  
  14  0:25  SCV  
  15  0:40  SCV  
  15  0:41  Barracks  
  16  0:45  Refinery  
  16  0:52  SCV  
  17  0:57  Refinery  
  17  1:04  SCV  
  18  1:17  SCV  
  19  1:29  Orbital Command, Reaper  
  20  1:45  Supply Depot  
  20  1:46  Factory  
  20  1:56  SCV  
  21  2:06  Barracks Reactor  
  21  2:08  SCV  
  22  2:20  SCV  
  22  2:31  Supply Depot  
  22  2:32  SCV  
  22  2:33  Factory Tech Lab  
  22  2:35  Starport  
  23  2:40  Supply Depot  
  23  2:42  Marine  
  23  2:43  Marine  
  25  2:44  SCV  
  26  2:53  Siege Tank  
  26  2:57  SCV  
  30  3:00  Marine  
  30  3:01  Marine  
  30  3:05  Supply Depot  
  32  3:11  Starport Tech Lab  
  32  3:18  Marine  
  34  3:25  Siege Tank  
  36  3:29  Marine  
  37  3:35  Marine  
  37  3:39  Banshee  
  41  3:44  SCV  
  41  3:47  Marine  
  43  3:53  Marine  
  44  3:56  Supply Depot  
  42  4:10  Marine  
  42  4:11  Marine, SCV  
  45  4:23  SCV  
  46  4:24  Siege Tank  
  46  4:28  Marine  
  45  4:45  Marine  
  38  4:46  Marine  
  38  4:54  SCV  
  38  4:56  Siege Tank  
  41  5:03  Marine  
  41  5:04  Marine  
  43  5:20  Marine  
  39  5:21  Marine  
  39  5:24  SCV  
  39  5:28  Siege Tank, Banshee  
  40  5:38  Marine, SCV  
  40  5:39  Marine  
  42  5:50  SCV  
  42  5:56  Marine  
  41  5:59  Marine  
  42  6:14  Marine  
  42  6:15  SCV  
  42  6:17  Marine  
Tags
 
Add a new tag
Caveats
  • Supply blocks, unpowered buildings, or Contaminate may cause inaccurate times.
  • Supply counts are checked every 10 seconds.